 Dungeon Crawl Stone Soup version 0.27.1-1-g398f81649c (console) character file.

Game seed: 10022264311876902889

133 Banquo the Skirmisher (level 5, 0/40 HPs)
             Began as a Djinni Artificer on Sept 6, 2021.
             Slain by a kobold (5 damage)
             ... on level 4 of the Dungeon.
             The game lasted 00:10:49 (3713 turns).

Banquo the Skirmisher (Djinni Artificer)            Turns: 3713, Time: 00:10:49

Health: 0/40       AC:  5    Str: 11    XL:     5   Next: 39%
Gold:   91         EV: 11    Int: 14    God:
                   SH:  0    Dex: 13

rFire    + + .     SeeInvis .   a - +1 spear
rCold    x . .     Faith    .   (no shield)
rNeg     . . .     Spirit   .   b - +0 leather armour
rPois    ∞         Reflect  .   n - +1 helmet
rElec    .         Harm     .   (no cloak)
rCorr    +         Rampage  .   (no gloves)
Will     .....                  (boots unavailable)
Stlth    +.........             (no amulet)
HPRegen  0.13/turn              m - ring of resist corrosion
MPRegen  0.00/turn              (no ring)

@: flying
A: sickness immunity, fire resistance 2, cold vulnerability 1, float, innate
caster, hp casting, extra vitality 1
a: no special abilities


You were on level 4 of the Dungeon.
You visited 1 branch of the dungeon, and saw 4 of its levels.

You collected 91 gold pieces.

Inventory:

Hand Weapons
 a - a +1 spear (weapon)
 g - a +0 whip
 j - a +0 dagger
 k - a +0 short sword
 o - a +1 vorpal flail
 q - a +0 club
Missiles
 f - 3 atropa-tipped darts
 h - 75 stones
Armour
 b - a +0 leather armour (worn)
 n - a +1 helmet (worn)
Magical Staves
 p - a staff of cold
Jewellery
 m - a ring of resist corrosion (left hand)
Wands
 c - a wand of flame (14) (quivered)
 d - a wand of charming (15)
Scrolls
 s - a scroll of teleportation
Potions
 i - 2 potions of lignification
 l - 2 potions of haste
 r - 2 potions of curing {unknown}
Miscellaneous
 e - a piece from Xom's chessboard (14/15)


   Skills:
 + Level 3.3 Fighting
 - Level 1.0 Armour
 - Level 2.1 Dodging
 - Level 0.7 Stealth
 * Level 2.3 Spellcasting
 - Level 3.0 Evocations


You had 5 spell levels left.
You knew the following spells:

 Your Spells              Type           Power      Damage    Failure   Level
a - Apportation           Tloc           16%        N/A       12%         1
b - Wereblood             Tmut           8%         N/A       17%         2
Your spell library was empty.

Dungeon Overview and Level Annotations

Branches:
Dungeon (4/15)
 Temple: D:4-7

Altars:

Shops:
D:1 [


Innate Abilities, Weirdness & Mutations

You are immune to sickness and miasma.
You are immune to poison.
Your flesh is very heat resistant. (rF++)
You are vulnerable to cold. (rC-)
You float through the air rather than walking.
You learn spells naturally, not from books.
Your magical power is your life essence.
You have superior vitality. (+4 HP)


Message History

Okay, then.
You make a move on Xom's chessboard...
The dart slug suddenly stops moving!
The orc barely misses you.
You closely miss the orc.
The orc is severely wounded.
The orc hits you with a +1 vorpal flail.
* * * LOW HITPOINT WARNING * * *
x2 You hit the orc but do no damage.
The orc is severely wounded.
The orc barely misses you.
You puncture the orc!
You kill the orc!
Things that are here:
a +1 vorpal flail; a +0 ring mail; a scroll of teleportation The helpless dart slug fails to defend itself.
You hit the dart slug.
The dart slug is moderately wounded.
The kobold shouts!
You hear a shout!
The helpless dart slug fails to defend itself.
You hit the dart slug.
The dart slug is almost dead.
The helpless dart slug fails to defend itself.
You puncture the dart slug!
You kill the dart slug!
o - a +1 vorpal flail;
s - a scroll of teleportation The kobold closely misses you.
You see here a dart slug corpse.
There is a stone staircase leading down here.
The kobold hits you with a +0 short sword.
* * * LOW HITPOINT WARNING * * *
You fly downwards.
There is a stone staircase leading up here.
You hit the kobold but do no damage. The kobold hits you but does no damage.
You hit the kobold but do no damage. The kobold barely misses you.
You hit the kobold but do no damage. The kobold hits you but does no damage.
The kobold closely misses you.
You hit the kobold.
The kobold is severely wounded.
The kobold hits you with a +0 short sword.
You die...

###
#@#
#.K.#
....#
##.#.+
###.#
.# #


You could see a kobold.

Vanquished Creatures
  6 adders
  4 dart slugs
  4 orcs
  7 ball pythons
  7 bats
  4 endoplasms
  2 giant cockroaches (D:2)
  5 goblins
  6 hobgoblins
  7 jackals
  2 quokkas
  9 frilled lizards
  A kobold (D:1)
  3 rats
67 creatures vanquished.

Notes
Turn   | Place    | Note
-------+----------+-------------------------------------------
     0 | D:1      | Banquo the Djinni Artificer began the quest for the Orb.
     0 | D:1      | Reached XP level 1. HP: 17/17 MP: 0/0
   128 | D:1      | Reached XP level 2. HP: 17/22 MP: 0/0
   154 | D:1      | Reached skill level 1 in Spellcasting
   389 | D:1      | Found a faded altar of an unknown god.
   676 | D:1      | Reached XP level 3. HP: 27/27 MP: 0/0
   676 | D:1      | Learned a level 1 spell: Apportation
  1611 | D:1      | Found Uwkiumn's Antique Armour Emporium.
  1789 | D:1      | Reached XP level 4. HP: 9/33 MP: 0/0
  2760 | D:2      | Reached XP level 5. HP: 31/40 MP: 0/0
  2760 | D:2      | Learned a level 2 spell: Wereblood
  3713 | D:4      | Slain by a kobold

Illustrated notes

Levels and vault maps discovered:
D:1:      psy_arrival_spokes, layout_loops_ring,
          hellmonk_ecumenical_altar_arch_garden, serial_shops, shop
D:2:      minmay_evil_eye, layout_loops_cross, dk_vineyard_3
D:3:      layout_basic, minivault_19
D:4:      layout_basic, mainiacjoe_overflow_cross_hatched, serial_shops,
          kennysheep_mini_moat, grunt_ministairs_8

Skill      XL: |  1  2  3  4  5 |
---------------+----------------+-----
Spellcasting   | 1 2 |  2.3
Fighting       | 2 3 |  3.3
Armour         | |  1.0
Dodging        | |  2.1
Stealth        | |  0.7
Evocations     | |  3.0

Action                   |  1- 3 |  4- 6 || total
-------------------------+-------+-------++-------
Melee: Club              |    44 |       ||    44
       Whip              |    27 |       ||    27
       Dagger            |   119 |    54 ||   173
       Spear             |       |   151 ||   151
Evoke: Wand              |     1 |       ||     1
       Piece from Xom's  |       |     1 ||     1
  Use: Scroll            |       |     6 ||     6
 Stab: Sleeping          |       |     3 ||     3
       Paralysed         |       |     3 ||     3
       Distracted        |       |     1 ||     1
Armor: Leather armour    |    87 |    57 ||   144
Dodge: Dodged            |   124 |    96 ||   220
